Map: Heavy Artillery LE

Players

Massa

  • Race: Terran Terran
  • League: Platinum
  • Spawn Location: 3:00

qqq

  • Race: Zerg Zerg
  • League: Platinum
  • Spawn Location: 1:00

leon - Winner!

  • Race: Terran Terran
  • League: Platinum
  • Spawn Location: 7:00

Baerchen - Winner!

  • Race: Zerg Zerg
  • Spawn Location: 7:00

VOD

Have the link to the VOD?

Description

Time

  • Played on: Sept. 29, 2020, 4:38 p.m.
  • Length: 7:24
Show
View Real Time Build Order
Export as new Build Order

Massa Terran 

Build Orders: Gas First Reaper Expand 

Get SALT Encoding   

  12  0:00  SCV  
  13  0:12  SCV  
  14  0:25  SCV, Supply Depot  
  15  0:34  Refinery  
  15  0:47  SCV  
  15  0:48  Barracks  
  16  0:59  SCV  
  17  1:11  SCV  
  18  1:23  SCV  
  19  1:37  Reaper  
  19  1:38  Orbital Command  
  20  1:48  Command Center  
  20  2:06  SCV  
  21  2:12  Marine  
  22  2:15  Factory  
  22  2:21  Supply Depot  
  22  2:26  SCV  
  23  2:42  SCV  
  23  2:44  Bunker  
  24  2:50  Barracks  
  24  2:52  Barracks  
  24  2:56  Marine  
  25  3:00  Hellion  
  27  3:10  Orbital Command  
  27  3:11  SCV  
  28  3:15  Marine  
  29  3:23  SCV  
  29  3:26  Starport  
  30  3:32  Engineering Bay  
  30  3:35  Widow Mine, SCV  
  30  3:39  SCV  
  34  3:43  Barracks Tech Lab  
  34  3:44  Barracks Reactor  
  34  3:54  Marine  
  33  3:56  Widow Mine  
  33  4:11  Marine  
  33  4:14  Marauder  
  36  4:29  Marine  
  36  4:30  Marine x2  
  39  4:35  Marauder  
  39  4:37  Widow Mine  
  38  4:47  Marine  
  38  4:48  Marine x2  
  38  4:56  Marine  
  38  4:58  Widow Mine  
  40  5:05  Marine  
  40  5:06  Marine x2  
  27  5:20  Marauder  
  28  5:23  Marine  
  28  5:24  Marine  
  28  5:28  Widow Mine  
  28  5:31  Orbital Command  
  28  5:32  SCV  
  27  5:40  Marine  
  27  5:42  Marauder  
  29  5:44  SCV  
  29  5:45  Marine x2  
  29  5:47  Starport Tech Lab  
  30  5:50  Widow Mine  
  27  6:02  Bunker  
  27  6:03  Marine x2  
  28  6:09  Marauder  
  30  6:15  Supply Depot  
  30  6:16  Supply Depot  
  30  6:18  Widow Mine  
  30  6:19  Supply Depot  
  30  6:37  Banshee, Marauder, Marine x2  
  32  6:55  Marine x2  
  32  6:59  Marauder  
  36  7:03  Barracks  
  36  7:06  Barracks  
  36  7:07  Barracks  
Show
View Real Time Build Order
Export as new Build Order

qqq Zerg 

Build Orders: Hatch First, Zergling Baneling 

Get SALT Encoding   

  12  0:01  Drone  
  13  0:08  Drone  
  14  0:34  Hatchery  
  13  0:40  Drone  
  14  0:55  Spawning Pool  
  13  1:03  Overlord  
  13  1:08  Drone  
  14  1:19  Extractor  
  14  1:20  Drone  
  14  1:23  Drone  
  15  1:32  Drone  
  16  1:38  Drone  
  17  1:51  Drone  
  18  1:59  Drone, Queen  
  20  2:02  Drone  
  20  2:03  Drone  
  22  2:10  Baneling Nest  
  22  2:11  Drone  
  22  2:15  Drone  
  23  2:20  Drone  
  23  2:22  Drone  
  25  2:32  Zergling x2  
  25  2:33  Zergling x2  
  27  2:41  Zergling x2  
  28  2:45  Metabolic Boost  
  28  2:47  Overlord  
  28  2:54  Baneling  
  28  2:58  Overlord  
  28  3:04  Queen  
  30  3:08  Zergling x2  
  30  3:10  Drone x2  
  33  3:16  Drone  
  33  3:17  Drone x2  
  36  3:21  Drone  
  36  3:23  Extractor  
  36  3:28  Drone  
  36  3:30  Drone  
  38  3:36  Zergling x2  
  38  3:38  Baneling x3  
  39  3:49  Zergling x8  
  39  3:50  Drone  
  39  3:52  Overlord  
  39  3:54  Lair  
  42  4:23  Zergling x6  
  44  4:24  Drone x3  
  47  4:35  Drone  
  47  4:36  Hatchery  
  47  4:38  Drone x3  
  44  4:50  Baneling x5  
  44  4:51  Baneling  
  44  4:52  Zergling x2  
  45  4:56  Centrifical Hooks  
  45  5:01  Zergling x6  
  48  5:13  Overlord x3  
  47  5:20  Overlord  
  44  5:31  Zergling x4  
  44  5:32  Zergling x4  
  44  5:33  Zergling x4  
  44  5:34  Baneling x2  
  44  5:35  Baneling x4  
  50  5:45  Zergling x4  
  50  5:46  Zergling x4  
  44  6:07  Zergling x8  
  44  6:08  Zergling x6  
  46  6:24  Zergling x2  
  46  6:25  Zergling x6  
  46  6:31  Zergling x4  
  41  6:42  Spine Crawler  
  41  6:43  Zergling x2  
  41  6:44  Zergling x2  
  36  6:49  Zergling x6  
  35  7:05  Hatchery  
  36  7:13  Hatchery  
Show
View Real Time Build Order
Export as new Build Order

leon Terran - Winner!

Build Orders:  

Get SALT Encoding   

  12  0:00  SCV  
  13  0:12  SCV  
  14  0:17  Supply Depot  
  14  0:24  SCV  
  15  0:39  SCV  
  15  0:41  Barracks  
  16  0:46  Refinery  
  16  0:51  SCV  
  17  1:07  SCV  
  18  1:19  SCV  
  19  1:27  Marine  
  19  1:32  Orbital Command  
  20  1:42  Command Center  
  20  1:55  Supply Depot  
  20  1:58  Marine  
  21  2:04  Barracks  
  21  2:09  SCV  
  22  2:17  Barracks Reactor  
  22  2:25  SCV  
  22  2:26  Barracks  
  23  2:37  SCV  
  24  2:49  SCV  
  25  2:52  Barracks Tech Lab  
  25  2:53  Marine x2  
  27  3:01  SCV  
  28  3:08  Supply Depot  
  28  3:11  Marauder, Marine x2  
  32  3:13  SCV  
  32  3:17  Orbital Command  
  33  3:22  Barracks Tech Lab  
  33  3:25  SCV  
  34  3:28  Marine  
  34  3:32  Marine  
  34  3:33  Marauder  
  38  3:37  SCV  
  39  3:43  Marauder  
  39  3:44  Supply Depot  
  39  3:46  Marine  
  42  3:49  SCV, Marine  
  42  3:50  SCV  
  45  4:04  Marauder, Marine  
  45  4:05  Marauder  
  45  4:07  Marine  
  47  4:22  Marine  
  43  4:25  Marauder  
  43  4:27  Marauder  
  43  4:28  Marine  
  43  4:30  SCV x2  
  49  4:40  Marine  
  49  4:42  SCV x2  
  52  4:47  Marauder  
  52  4:49  Marauder  
  56  4:54  SCV x2  
  58  5:06  SCV x2  
  60  5:08  Marauder  
  62  5:20  Supply Depot x2  
  62  5:22  Supply Depot  
  62  5:25  Factory  
  62  5:27  SCV x2  
  62  5:29  Factory  
  62  5:41  Marine x2  
  62  5:42  SCV, Marauder x2  
  69  5:58  Supply Depot  
  69  5:59  Marine  
  69  6:03  Marauder x2  
  70  6:07  Marine  
  70  6:17  Marine  
  71  6:25  Marauder x2, Marine  
  70  6:26  Factory Tech Lab x2  
  70  6:33  Refinery  
  70  6:35  Marine  
  71  6:40  Refinery  
  71  6:42  Marine  
  71  6:44  SCV x2  
  71  6:46  Marauder x2  
  78  6:55  Marine  
  78  6:56  SCV  
  78  7:00  Marine  
Show
View Real Time Build Order
Export as new Build Order

Baerchen Zerg - Winner!

Build Orders: Hatch First 

Get SALT Encoding   

  12  0:00  Drone  
  13  0:13  Overlord  
  13  0:18  Drone  
  14  0:31  Drone x2  
  16  0:51  Drone  
  16  0:54  Hatchery, Drone  
  17  1:09  Spawning Pool  
  16  1:12  Extractor, Drone  
  16  1:16  Drone  
  17  1:19  Drone  
  18  1:33  Overlord  
  18  1:40  Drone  
  19  2:00  Queen, Zergling x2  
  22  2:04  Zergling x2  
  22  2:05  Queen  
  26  2:08  Zergling x2  
  26  2:15  Metabolic Boost  
  26  2:18  Drone x2  
  28  2:31  Drone x2  
  28  2:34  Overlord  
  30  2:44  Baneling Nest  
  30  2:48  Zergling x2  
  30  2:49  Zergling x4  
  31  3:02  Zergling x4  
  33  3:17  Zergling x2  
  33  3:18  Zergling x14  
  41  3:25  Overlord  
  41  3:30  Overlord  
  41  3:36  Baneling x2  
  41  3:37  Baneling x3  
  41  3:48  Zergling x10  
  41  3:49  Zergling x6  
  46  4:05  Zergling x6  
  42  4:12  Zergling x2  
  42  4:13  Zergling x2  
  41  4:21  Zergling x2  
  42  4:26  Zergling x2  
  43  4:34  Zergling x4  
  38  4:53  Zergling x6  
  38  4:58  Zergling x2  
  38  4:59  Zergling x6  
  43  5:10  Zergling x8  
  40  5:23  Zergling x4  
  42  5:48  Zergling x6  
  42  5:49  Zergling x12  
  42  6:03  Zergling x4  
  42  6:04  Zergling x4  
  45  6:15  Baneling  
  45  6:16  Baneling x3, Zergling x2  
  45  6:17  Zergling x8  
  50  6:21  Baneling  
  50  6:22  Baneling x2  
  42  6:41  Zergling x10  
  37  7:06  Zergling x16  
Tags
 
Add a new tag
Caveats
  • Supply blocks, unpowered buildings, or Contaminate may cause inaccurate times.
  • Supply counts are checked every 10 seconds.